 Dungeon Crawl Stone Soup version 0.19.1-1-g22dce08 (webtiles) character file.

148 empire the Magician (level 5, -1/28 HPs)
             Began as a Deep Elf Air Elementalist on Jan 5, 2017.
             Slain by a scorpion (10 damage)
             ... on level 4 of the Dungeon.
             The game lasted 00:08:59 (3469 turns).

empire the Magician (Deep Elf Air Elementalist)     Turns: 3469, Time: 00:09:00

Health: -1/28      AC:  3    Str:  5    XL:     5   Next: 8%
Magic:  7/12       EV: 13    Int: 21    God:
Gold:   75         SH:  0    Dex: 15    Spells: 3 memorised, 6 levels left

rFire  . . .     SeeInvis .     a - +0 short sword
rCold  . . .     Gourm    .     Z - +1 robe
rNeg   . . .     Faith    +     (no shield)
rPois  .         Spirit   .     (no helmet)
rElec  .         Reflect  .     (no cloak)
rCorr  .         Harm     .     (no gloves)
MR     .....                    (no boots)
Stlth  ++........               d - amulet of faith
                                (no ring)
                                (no ring)

@: lethally poisoned (-1 -> -9), sluggish, very slow
A: no striking features
a: no special abilities


You were on level 4 of the Dungeon.
You were hungry.

You visited 1 branch of the dungeon, and saw 4 of its levels.

You collected 140 gold pieces.
You spent 65 gold pieces at shops.

Inventory:

Hand Weapons
 a - a +0 short sword (weapon)
Missiles
 p - 29 bolts
Armour
 Z - a +1 robe (worn)
Jewellery
 d - an amulet of faith (around neck)
Scrolls
 e - a scroll of remove curse
 i - a scroll of enchant armour
 j - a scroll of immolation
 k - a scroll of identify
Potions
 f - a potion of brilliance
 g - a potion of cure mutation {unknown}
 h - 2 potions of invisibility {unknown}
 m - a potion of haste {unknown}
 n - 3 potions of curing
 o - 2 potions of ambrosia {unknown}
 r - a potion of lignification {unknown}
 s - a potion of beneficial mutation {unknown}
Books
 b - a book of Air

   Spells                             Type                      Level
   a - Shock                          Conjuration/Air              1
   b - Swiftness                      Charms/Air                   2
   c - Repel Missiles                 Charms/Air                   2
   d - Static Discharge               Conjuration/Air              3
   e - Lightning Bolt                 Conjuration/Air              5
Comestibles
 c - 5 bread rations
 l - a meat ration


   Skills:
 - Level 2.4 Dodging
 - Level 2.4 Stealth
 + Level 3.9 Spellcasting
 + Level 3.7 Conjurations
 * Level 2.7 Charms
 + Level 3.6 Air Magic


You had 6 spell levels left.
You knew the following spells:

 Your Spells              Type           Power        Failure   Level  Hunger
a - Shock                 Conj/Air       ###.         2%          1    None
b - Swiftness             Chrm/Air       ###.....     6%          2    #......
c - Repel Missiles        Chrm/Air       ###...       6%          2    #......


Dungeon Overview and Level Annotations

Branches:
Dungeon (4/15)             Temple (0/1) D:4

Altars:
Nemelex Xobeh
Ru
Trog
Xom

Shops:
D:4 *


Message History

The adder moves out of view.
Found a stone staircase leading up.
Found a staircase to the Ecumenical Temple.
You enter a teleport trap!
The teleport trap disappears.
Your surroundings suddenly seem different.
A worker ant and a scorpion come into view.
Found a stone staircase leading down.
Your magical contamination has completely faded away.
You feel sluggish.
Found 20 bolts.
The scorpion stings you!
Found 16 arrows.
The scorpion stings you!
You are poisoned.
The scorpion poisons you!
You start to feel a little faster.
You feel sick.
There is a stone staircase leading down here.
The scorpion stings you!
You die...

.....# #.#
.....# ..
#......
......# ..
#...... ...
..... #..##
.#....
..#.#.######
........@..#
.a.....s..#
###.......#
##......#
#......#
#......#
..........#
#####.####...
#. ....#


You could see a scorpion and a worker ant (sleeping).

Vanquished Creatures
  5 adders
  An ooze (D:2)
  An adder skeleton (D:3)
  A worm (D:3)
  2 dart slugs
  2 leopard geckos
  2 orcs
  9 bats
  3 giant cockroaches
  10 goblins
  7 hobgoblins
  16 jackals
  2 quokkas (D:3)
  5 frilled lizards
  6 kobolds
  6 rats
78 creatures vanquished.

Notes
Turn   | Place    | Note
-------+----------+-------------------------------------------
     0 | D:1      | empire the Deep Elf Air Elementalist began the quest for the Orb.
     0 | D:1      | Reached XP level 1. HP: 10/10 MP: 6/6
   195 | D:1      | Reached XP level 2. HP: 15/15 MP: 6/8
   853 | D:2      | Reached XP level 3. HP: 17/19 MP: 5/9
  1254 | D:2      | Found a shimmering altar of Xom.
  1254 | D:2      | Found a sparkling altar of Nemelex Xobeh.
  1255 | D:2      | Found a bloodstained altar of Trog.
  1397 | D:2      | Learned a level 2 spell: Swiftness
  1400 | D:2      | Learned a level 2 spell: Repel Missiles
  1557 | D:3      | Reached XP level 4. HP: 24/24 MP: 9/11
  1585 | D:3      | Reached skill level 1 in Charms
  1955 | D:3      | Found a sacrificial altar of Ru.
  3087 | D:4      | Reached XP level 5. HP: 17/28 MP: 3/12
  3243 | D:4      | Found Godghugg's General Store.
  3247 | D:4      | Bought a potion of brilliance for 52 gold pieces
  3247 | D:4      | Bought a scroll of random uselessness for 13 gold pieces
  3264 | D:4      | Noticed a phantom
  3310 | D:4      | Noticed an ogre
  3461 | D:4      | Found a staircase to the Ecumenical Temple.
  3469 | D:4      | Slain by a scorpion

Skill      XL: |  1  2  3  4 |
---------------+-------------+-----
Conjurations   | 2 3 |  3.7
Charms         | 2 |  2.7
Dodging        | |  2.4
Stealth        | |  2.4
Spellcasting   | |  3.9
Air Magic      | |  3.6

Action                   |  1- 3 |  4- 6 || total
-------------------------+-------+-------++-------
Melee: Unarmed           |     1 |       ||     1
       Short sword       |    15 |    22 ||    37
 Cast: Shock             |    71 |    99 ||   170
       Swiftness         |       |     1 ||     1
  Use: Scroll            |       |     7 ||     7
 Stab: Sleeping          |     1 |       ||     1
  Eat: Chunk             |     2 |     5 ||     7
Armor: Robe              |     1 |    10 ||    11
Dodge: Dodged            |    23 |    47 ||    70
